 Dungeon Crawl Stone Soup version 0.31.0-32-g396128a36d (webtiles) character file.

Game seed: 829784944004248820

4867 Peloso the Carver (level 10, -2/63 (86) HPs)
             Began as a Minotaur Fighter on Apr 17, 2024.
             Slain by Jeremiah
             ... wielding a +3 trident of draining
              (3 damage)
             ... on level 7 of the Dungeon.
             The game lasted 00:17:00 (6900 turns).

Peloso the Carver (Minotaur Fighter)                Turns: 6900, Time: 00:17:00

HP:   -2/63 (86)    AC: 11    Str: 21    XL:     10   Next: 26%
MP:   9/9           EV:  9    Int:  5    God:
Gold: 2156          SH: 11    Dex: 14    Spells: 9/9 levels left

rFire   . . .        a - +1 scimitar
rCold   . . .        d - +0 buckler
rNeg    . . .        c - +0 chain mail
rPois   .            (helmet currently unavailable)
rElec   .            (cloak currently unavailable)
rCorr   +            (gloves currently unavailable)
SInv    .            (boots currently unavailable)
Will    .....        C - amulet of reflection Stlth
                     g - ring of resist corrosion
HPRegen 0.30/turn    (no ring)
MPRegen 0.11/turn

%: reflection
@: beast-form, very heavily drained
A: beast (slay +2), horns 2, retaliatory headbutt
a: Begin Untransformation


You were on level 7 of the Dungeon.
You were a hulking beast.
You visited 2 branches of the dungeon, and saw 8 of its levels.
You also visited: Ossuary and Bailey.

You collected 2156 gold pieces.

Inventory:

Hand Weapons
 a - a +1 scimitar (weapon)
 b - a +0 scimitar
Armour
 c - a +0 chain mail (worn)
 d - a +0 buckler (worn)
 i - a +0 pair of boots
 A - a +0 pair of gloves
 B - a +0 cloak of preservation
Jewellery
 g - a ring of resist corrosion (left hand)
 j - an amulet of the acrobat
 C - an amulet of reflection (around neck)
Talismans
 z - a beast talisman (active)
Wands
 h - a wand of flame (16)
 l - a wand of polymorph (5)
Scrolls
 e - 2 scrolls of summoning
 f - 4 scrolls of fog
 x - a scroll of blinking
 y - a scroll of enchant armour
 D - a scroll of revelation
 E - a scroll of acquirement
 F - a scroll of identify
Potions
 k - 4 potions of degeneration
 m - 2 potions of curing
 n - 2 potions of mutation
 o - a potion of brilliance {unknown}
 p - 4 potions of resistance
 q - 4 potions of heal wounds
 r - a potion of attraction {unknown}
 s - a potion of might
 t - a potion of cancellation {unknown}
 u - a potion of berserk rage {unknown}
 v - a potion of ambrosia {unknown}
 w - 2 potions of enlightenment {unknown}


   Skills:
 + Level 7.1 Fighting
 + Level 11.5 Long Blades
 + Level 9.2 Armour
 + Level 3.2 Dodging
 + Level 0.2 Stealth
 + Level 7.3 Shields
 + Level 0.1 Evocations
 + Level 3.5 Shapeshifting


You had 9 spell levels left.
You didn't know any spells.
Your spell library contained the following spells:

 Spells                   Type           Power      Damage    Failure   Level
 Apportation              Tloc           0%         N/A       98%         1
 Necrotise                Necr           0%         1d4       98%         1
 Sandblast                Erth           0%         2d4       98%         1
 Shock                    Conj/Air       0%         1d3       98%         1
 Sting                    Conj/Alch      0%         1d3       98%         1
 Summon Small Mammal      Summ           0%         N/A       98%         1
 Passwall                 Erth           0%         N/A       100%        3
 Stone Arrow              Conj/Erth      0%         3d7       100%        3
 Swiftness                Air            0%         N/A       100%        3
 Airstrike                Air            0%         2d(0-16)  100%        4
 Brom's Barrelling Bould  Conj/Erth      0%         2d3       100%        4


Dungeon Overview and Level Annotations

Branches:
Dungeon (7/15)             Temple (1/1) D:4         Ossuary (visited)
 Bailey (visited)

Altars:
Cheibriados
Elyvilon
Fedhas
Gozag
Hepliaklqana
Kikubaaqudgha
Makhleb
Nemelex Xobeh
Qazlal
Ru
Sif Muna
Trog
Uskayaw
Vehumet
Wu Jian
Xom
Yredelemnul
Zin
The Shining One

Annotations:
D:3 1 runed translucent door
D:5 Dowan, Duvessa
D:7 Jeremiah


Innate Abilities, Weirdness & Mutations

You are a hulking beast.
Your limbs bulge with bestial killing power. (Slay +2)
You have a pair of horns on your head.
You reflexively headbutt those who attack you in melee.


Message History

Jeremiah hits you from afar with a +3 trident of draining.
You feel drained.
Unknown command.
You miss the butterfly.
Unknown command.
You closely miss the butterfly. Your headbutt misses the butterfly.
The butterfly disappears in a burst of colours!
Jeremiah hits you from afar with a +3 trident of draining!
* * * LOW HITPOINT WARNING * * *
You feel drained.
* * * LOW HITPOINT WARNING * * *
You miss the butterfly. You headbutt the butterfly.
You kill the butterfly!
The butterfly disappears in a burst of colours!
Jeremiah hops!
Unknown command.
Okay, then.
Jeremiah hits you with a +3 trident of draining.
* * * LOW HITPOINT WARNING * * *
You feel drained.
* * * LOW HITPOINT WARNING * * *
You slash Jeremiah!
Jeremiah is moderately wounded.
The butterfly disappears in a burst of colours!
You block Jeremiah's attack.
You hit Jeremiah.
You headbutt Jeremiah, but do no damage.
Jeremiah is moderately wounded.
Jeremiah hits you with a +3 trident of draining.
* * * LOW HITPOINT WARNING * * *
You feel drained.
Unknown command.
Unknown command.
You barely miss Jeremiah. Your headbutt misses Jeremiah.
Jeremiah is moderately wounded.
Jeremiah hits you with a +3 trident of draining!
* * * LOW HITPOINT WARNING * * *
You feel drained.
You die...
Jeremiah asks, "Is it over?
Can I wake up now?"

#.....# #....
*#####.# #....
*,,..#.# #####....
**,#.#.# #........
*,#b#.# ####........
*,#.#.# #..........#
*,#b#.###..........#
*,#b#...............
**,#h########........
*,,#bFbbb.b...#####..
**,##########.#####..
*,* *,,,,,,#........
*,***,****,#######..
*,,,,,* *,* #...
******* *,* #... *,*
#.## *,* #.#


You could see Jeremiah.

Vanquished Creatures
  2 vault guards (Bailey)
  Maurice (D:7)
  Prince Ribbit (Bailey)
  2 humans (Bailey)
  An orc warrior (Bailey)
  2 sky beasts
  2 ogres
  2 centaurs
  15 bullfrogs
  4 elf zombies (Ossuary)
  3 scorpions
  3 wights (D:7)
  A jelly (D:6)
  4 hounds
  A human zombie (Ossuary)
  2 orc priests
  2 iguanas (D:5)
  3 orc wizards
  2 hound zombies (Ossuary)
  2 mummies (Ossuary)
  2 gnolls (Bailey)
  6 adders
  A shadow imp (D:5)
  2 ufetubi (D:5)
  8 adder zombies (Ossuary)
  A dart slug (D:4)
  2 ribbon worms (D:2)
  23 orcs
  5 bats
  7 endoplasms
  A giant cockroach (D:1)
  5 gnoll zombies (Ossuary)
  6 hobgoblins
  11 jackals
  2 quokkas
  5 ball pythons
  5 frilled lizards
  4 goblins
  4 jackal zombies (Ossuary)
  8 kobolds
  A kobold skeleton (D:3)
  6 kobold zombies (Ossuary)
  7 orc zombies (Ossuary)
  5 rats
182 creatures vanquished.

Notes
Turn   | Place    | Note
-------+----------+-------------------------------------------
     0 | D:1      | Peloso the Minotaur Fighter began the quest for the Orb.
     0 | D:1      | Reached XP level 1. HP: 19/19 MP: 0/0
   153 | D:1      | Reached XP level 2. HP: 27/27 MP: 1/1
   575 | D:1      | Reached XP level 3. HP: 31/33 MP: 2/2
   755 | D:2      | Reached skill level 3 in Long Blades
   960 | D:2      | Found a faded altar of an unknown god.
   992 | D:2      | Reached XP level 4. HP: 37/40 MP: 3/3
  1578 | D:3      | Reached skill level 4 in Long Blades
  1634 | D:3      | Found a faded altar of an unknown god.
  1637 | D:3      | Found a snail-covered altar of Cheibriados.
  1792 | D:3      | Found a runed translucent door.
  1792 | D:3      | Noticed a human
  1793 | D:3      | Found a basalt altar of Yredelemnul.
  2087 | D:4      | Reached XP level 5. HP: 13/46 MP: 4/4
  2114 | D:4      | Found a sand-covered staircase.
  2168 | Ossuary  | Entered an ossuary
  2248 | Ossuary  | Reached skill level 1 in Shapeshifting
  2416 | Ossuary  | Reached skill level 1 in Dodging
  2422 | Ossuary  | Reached XP level 6. HP: 34/53 MP: 5/5
  2446 | Ossuary  | Reached skill level 5 in Long Blades
  2570 | Ossuary  | Reached skill level 5 in Fighting
  3110 | Ossuary  | Reached XP level 7. HP: 57/61 MP: 6/6
  3273 | D:4      | Found a staircase to the Ecumenical Temple.
  3292 | Temple   | Entered the Ecumenical Temple
  3448 | D:4      | Reached skill level 6 in Long Blades
  3526 | D:4      | Found a glowing silver altar of Zin.
  3771 | D:4      | Found a blossoming altar of Fedhas.
  3783 | D:4      | Reached skill level 5 in Armour
  3882 | D:5      | Entered Level 5 of the Dungeon
  3937 | D:5      | Noticed Dowan
  3939 | D:5      | Noticed Duvessa
  4260 | D:5      | Reached skill level 5 in Shields
  4422 | D:6      | Reached skill level 7 in Long Blades
  4517 | D:6      | Reached XP level 8. HP: 66/69 MP: 7/7
  4548 | D:6      | Found a hazy altar of Hepliaklqana.
  4621 | D:6      | Found a radiant altar of Vehumet.
  5129 | D:6      | Reached skill level 8 in Long Blades
  5182 | D:6      | Found an ornate altar of the Wu Jian Council.
  5184 | D:6      | Found a glowing golden altar of the Shining One.
  5338 | D:7      | Noticed Maurice
  5341 | D:7      | Maurice stole a beast talisman
  5351 | D:7      | Maurice stole an amulet of the acrobat
  5357 | D:7      | Something stole 49 gold
  5358 | D:7      | Something stole 201 gold
  5359 | D:7      | Something stole 40 gold
  5361 | D:7      | Killed Maurice
  5522 | D:7      | Found a flagged portal.
  5543 | D:7      | Reached XP level 9. HP: 14/73 MP: 8/8
  5732 | D:7      | Reached skill level 9 in Long Blades
  5752 | Bailey   | Entered a bailey
  5966 | Bailey   | Reached skill level 10 in Long Blades
  6041 | Bailey   | Noticed Prince Ribbit
  6051 | Bailey   | Killed Prince Ribbit
  6054 | Bailey   | Noticed a vault guard
  6069 | Bailey   | Killed a vault guard
  6070 | Bailey   | Reached skill level 11 in Long Blades
  6070 | Bailey   | Reached XP level 10. HP: 26/84 MP: 9/9
  6276 | Bailey   | Noticed a vault guard
  6296 | Bailey   | Killed a vault guard
  6390 | Bailey   | Identified 3 scrolls of acquirement
  6390 | Bailey   | Acquired 547 gold pieces
  6396 | Bailey   | Acquired 1235 gold pieces
  6842 | D:7      | Noticed Jeremiah
  6900 | D:7      | HP: 1/65 [Jeremiah/+3 trident of draining (7)]
  6900 | D:7      | Slain by Jeremiah

Illustrated notes

Levels and vault maps discovered:
D:1:      mainiacjoe_arrival_oval_in_oval, layout_loops_cross
D:2:      layout_basic, hellmonk_ecumenical_altar_inner_sanctum
D:3:      layout_loops_ring, nicolae_overflow_ecumenical_swirl,
          dk_yredelemnul_ordeal
D:4:      layout_loops_cross, mainiacjoe_overflow_six_doors_small,
          lemuel_round_altar, minmay_temple_entry_glass, enter_ossuary_1,
          amcnicky_mini_rare_corridor_liquid
D:5:      layout_loops_ring, general_overflow_altar, uniq_duvessa
D:6:      layout_basic, mainiacjoe_overflow_tiny_flanked,
          gammafunk_temple_overflow_claw, nrook_pool_corridor
D:7:      layout_basic, enter_bailey_6, uniq_maurice, uniq_joseph, uniq_jeremiah
Temple:   bh_familiar_temple

Skill      XL: |  1  2  3  4  5  6  7  8  9 10 |
---------------+-------------------------------+-----
Armour         | 4 6 7 9 |  9.2
Shields        | 4 5 7 |  7.3
Fighting       | 4 5 6 7 |  7.1
Long Blades    | 3 4 5 7 8 11 | 11.5
Shapeshifting  | 1 2 3 |  3.5
Dodging        | 1 2 3 |  3.2
Stealth        | |  0.2
Evocations     | |  0.1

Action                     |  1- 3 |  4- 6 |  7- 9 | 10-12 || total
---------------------------+-------+-------+-------+-------++-------
  Melee: Long sword        |   100 |   211 |   168 |       ||   479
         Headbutt          |    15 |    37 |    53 |     8 ||   113
         Scimitar          |       |       |    99 |    62 ||   161
  Evoke: Wand              |       |       |     1 |       ||     1
    Use: Scroll            |     2 |     8 |     4 |     2 ||    16
         Potion            |       |     2 |     3 |     1 ||     6
 Armour: Scale mail        |    73 |     6 |       |       ||    79
         Chain mail        |       |   187 |   212 |    24 ||   423
  Dodge: Dodged            |    50 |    86 |    90 |     8 ||   234
  Block: Buckler           |    24 |    48 |   104 |    18 ||   194
         Reflection        |       |       |       |     1 ||     1
   Form: Beast             |     1 |       |       |       ||     1
